 Dungeon Crawl Stone Soup version 0.25-a0-681-gdf4e720 (webtiles) character file.

Game seed: 11500078038943497012, levelgen mode: deterministic

59 Faels the Sneak (level 4, 0/27 HPs)
             Began as a Kobold Assassin on Mar 29, 2020.
             Was an Initiate of Okawaru.
             Succumbed to a worker ant's poison
             ... on level 2 of the Dungeon on Mar 30, 2020.
             The game lasted 00:05:54 (2088 turns).

Faels the Sneak (Kobold Assassin)                   Turns: 2088, Time: 00:05:54

Health: 0/27       AC:  5    Str:  8    XL:     4   Next: 22%
Magic:  4/4        EV: 14    Int: 12    God:    Okawaru [......]
Gold:   57         SH:  0    Dex: 17    Spells: 3/3 levels left

rFire    . . .     SeeInvis .   a - +2 dagger
rCold    . . .     Gourm    .   (shield restricted)
rNeg     . . .     Faith    .   h - +0 leather armour
rPois    .         Spirit   .   (no helmet)
rElec    .         Reflect  .   c - +0 cloak
rCorr    .         Harm     .   l - +0 pair of gloves
MR       .....                  (no boots)
Stlth    +++.......             (no amulet)
HPRegen  0.09/turn              (no ring)
MPRegen  0.09/turn              (no ring)

@: lethally poisoned (0 -> -9)
A: small, carnivore
a: Renounce Religion


You were on level 2 of the Dungeon.
You worshipped Okawaru.
Okawaru was noncommittal.
You were completely stuffed.

You visited 1 branch of the dungeon, and saw 2 of its levels.

You collected 57 gold pieces.

Inventory:

Hand Weapons
 a - a +2 dagger (weapon)
Missiles
 d - 8 poisoned darts (quivered)
 e - 2 curare-tipped darts
Armour
 b - a +0 robe
 c - a +0 cloak (worn)
 h - a +0 leather armour (worn)
 l - a +0 pair of gloves (worn)
 n - a +0 pair of gloves
Scrolls
 g - 4 scrolls of teleportation {unknown}
 i - 2 scrolls of random uselessness {unknown}
 k - 2 scrolls of identify {unknown}
Comestibles
 f - 2 rations
 m - 4 chunks of flesh


   Skills:
 + Level 2.7 Fighting
 + Level 3.4 Short Blades
 + Level 2.8 Throwing
 + Level 2.2 Dodging
 + Level 5.8 Stealth


You had 3 spell levels left.
You didn't know any spells.
Your spell library was empty.

Dungeon Overview and Level Annotations

Branches:
Dungeon (2/15)

Altars:
Makhleb
Okawaru


Innate Abilities, Weirdness & Mutations

You are small and have problems with some larger weapons.
You are carnivorous and can eat meat at any time.


Message History

Some of the chunks of flesh in your inventory have rotted away.
You hit the worker ant.
The worker ant is almost dead.
You feel sick. The worker ant completely misses you.
You barely miss the worker ant.
The worker ant is almost dead.
You feel sick. The worker ant misses you.
You hit the worker ant but do no damage.
The worker ant is almost dead.
* * * LOW HITPOINT WARNING * * *
You feel sick. The worker ant misses you.
You barely miss the worker ant.
The worker ant is almost dead.
The worker ant bites you.
* * * LOW HITPOINT WARNING * * *
Unknown command.
There is a lethal amount of poison in your body!
* * * LOW HITPOINT WARNING * * *
You feel sick. The worker ant closely misses you.
You die...

.......#..... .......#..#
..........# # #.#
+#'###....###.# #.# .#.#
#........# #.#
.#.####....#..# .#.# .#..#
#....#..#####.#.# .##.#
#...<#..##....#.#
.##.###........#@a# #.#
......'........#.####.#.###
###..##........._.........#
####.##...###.##.####.#.#.#
#....###'## #...... ..#.#
#.....##.############## #
#...#.#....# #...#..#.#.#
#...##.#.#.#


You could see a worker ant.

Vanquished Creatures
  2 adders (D:2)
  A dart slug (D:1)
  6 goblins
  4 hobgoblins
  3 jackals (D:2)
  A quokka (D:2)
  2 ball pythons
  4 bats
  3 frilled lizards
  8 kobolds
  A rat (D:2)
35 creatures vanquished.

Notes
Turn   | Place    | Note
-------+----------+-------------------------------------------
     0 | D:1      | Faels the Kobold Assassin began the quest for the Orb.
     0 | D:1      | Reached XP level 1. HP: 12/12 MP: 1/1
   183 | D:1      | You fall into a shaft and drop 1 floor!
   203 | D:2      | Reached XP level 2. HP: 13/18 MP: 2/2
   465 | D:1      | Reached XP level 3. HP: 10/22 MP: 3/3
  1139 | D:1      | Found an iron altar of Okawaru,
  1146 | D:1      | Became a worshipper of Warmaster Okawaru
  1633 | D:2      | Reached XP level 4. HP: 27/27 MP: 4/4
  2044 | D:2      | Found a burning altar of Makhleb,
  2087 | D:2      | HP: 1/27 [poisoned by a worker ant]
  2088 | D:2      | Succumbed to a worker ant's poison

Levels and vault maps discovered:
D:1:      dpeg_arrival_castle, layout_loops_ring, okawaru_ov_weapons_minmay
D:2:      layout_basic, lemuel_crystal_altar

Skill      XL: |  1  2  3 |
---------------+----------+-----
Short Blades   | 3 |  3.4
Dodging        | 2 |  2.2
Fighting       | |  2.7
Throwing       | |  2.8
Stealth        | |  5.8

Action                   |  1- 3 |  4- 6 || total
-------------------------+-------+-------++-------
Melee: Dagger            |    78 |    34 ||   112
Throw: Dart              |       |     6 ||     6
  Use: Potion            |       |     1 ||     1
 Stab: Sleeping          |     5 |     1 ||     6
  Eat: Chunk             |     9 |     3 ||    12
Armor: Robe              |    19 |       ||    19
       Leather armour    |       |     6 ||     6
Dodge: Dodged            |    54 |    21 ||    75

Table legend:
 A = Non-vault XP
 B = Vault XP
 C = Vault XP percentage of total XP
 D = Non-vault monster count
 E = Vault monster count
 F = Vault count percentage of total count
                 A         B        C        D         E       F
            +---------+---------+-------+---------+---------+-------
      Total |      85 |       0 |   0.0 |      35 |       0 |   0.0
            +---------+---------+-------+---------+---------+-------
        D:1 |      27 |       0 |   0.0 |      14 |       0 |   0.0
        D:2 |      58 |       0 |   0.0 |      21 |       0 |   0.0
            +---------+---------+-------+---------+---------+-------
